 Dungeon Crawl Stone Soup version 0.23-a0-404-g0063841 (webtiles) character file.

4829 Loudmushroom the Cleaver (level 10, -9/63 HPs)
             Began as a Gargoyle Fighter on Nov 5, 2018.
             Was a High Priest of Okawaru.
             Killed from afar by a big kobold (20 damage)
             ... with a wand of acid (6)
             ... on level 7 of the Dungeon.
             The game lasted 01:33:26 (7975 turns).

Loudmushroom the Cleaver (Gargoyle Fighter)         Turns: 7975, Time: 01:33:27

Health: -9/63      AC: 30    Str: 23    XL:     10   Next: 49%
Magic:  3/4        EV:  5    Int:  9    God:    Okawaru [*****.]
Gold:   513        SH: 11    Dex: 17    Spells: 9/9 levels left

rFire    . . .     SeeInvis .   a - +0 war axe
rCold    . . .     Gourm    .   c - +0 shield
rNeg     + . .     Faith    .   F - +10 plate armour "Hura" {MP-9 Dex+8}
rPois    ∞         Spirit   .   (no helmet)
rElec    +         Reflect  .   y - +0 cloak
rCorr    .         Harm     .   n - +1 pair of gloves
MR       .....                  (no boots)
Stlth    ..........             (no amulet)
HPRegen  0.20/turn              (no ring)
MPRegen  0.09/turn              (no ring)

@: corroded
A: negative energy resistance 1, electricity resistance, unbreathing,
petrification resistance, rot immunity, AC +7
a: Heroism, Finesse, Renounce Religion


You were on level 7 of the Dungeon.
You worshipped Okawaru.
Okawaru was extremely pleased with you.
You were not hungry.

You visited 1 branch of the dungeon, and saw 8 of its levels.

You collected 513 gold pieces.

Inventory:

Hand Weapons
 a - a +0 war axe (weapon)
 b - a +0 hunting sling
 g - a +0 mace
 l - a +1 hand axe of flaming
 q - a +0 flail
 v - a +0 trident
 K - a +1 broad axe
Missiles
 e - 25 bolts
 i - 199 stones
 k - 52 sling bullets
 x - 9 poisoned needles
 E - 7 poisoned javelins (quivered)
Armour
 c - a +0 shield (worn)
 n - a +1 pair of gloves (worn)
 p - a +0 chain mail
 y - a +0 cloak (worn)
 F - the +10 plate armour "Hura" (worn) {MP-9 Dex+8}
   (You took it off an orc on level 7 of the Dungeon)

   It affects your dexterity (+8).
   It affects your magic capacity (-9).
Wands
 j - a wand of flame (30)
 B - a wand of clouds (7)
Scrolls
 h - 2 scrolls of identify
 u - 4 scrolls of teleportation
 z - a scroll of fog
Potions
 d - a potion of might
 m - a potion of invisibility {unknown}
 o - a potion of degeneration {unknown}
 s - 3 potions of flight
 t - 4 potions of curing
 w - 2 potions of ambrosia {unknown}
 A - 3 potions of agility
 D - a potion of berserk rage {unknown}
 H - a potion of mutation {unknown}
 I - a potion of brilliance {unknown}
 L - a potion of haste {unknown}
Comestibles
 f - 15 rations
 r - 6 chunks of flesh


   Skills:
 + Level 7.3 Fighting
 * Level 8.0 Axes
 + Level 7.4 Armour
 + Level 7.3 Shields
 + Level 5.3 Invocations
 + Level 4.3 Evocations


You had 9 spell levels left.
You didn't know any spells.
Your spell library was empty.

Dungeon Overview and Level Annotations

Branches:
Dungeon (8/15)             Temple (0/1) D:6
   Lair: D:8-11

Altars:
Okawaru

Shops:
D:5 }


Innate Abilities, Weirdness & Mutations

You are resistant to torment.
Your stone body is resilient. (AC +7)
You are immune to poison.
You resist negative energy. (rN+)
You are resistant to electric shocks. (rElec)
You can survive without breathing.
You are immune to petrification.
You are immune to rotting.


Message History

You are splashed with acid!
The acid burns!
You hit the big kobold.
The big kobold is heavily wounded.
You feel like a meek peon again.
You hit the big kobold.
The big kobold is severely wounded.
The big kobold zaps a wand.
The bolt of acid hits you! The acid corrodes you!
You are splashed with acid!
The acid burns!
* * * LOW HITPOINT WARNING * * *
The big kobold hits you but does no damage.
Aiming: Throw Flame
Press: ? - help, Shift-Dir - straight line, f - big kobold
Aim: a big kobold, wielding a +0 dagger, wearing a +0 ring mail and carrying a The puff of flame hits the big kobold.
The big kobold is almost dead.
The big kobold hits you but does no damage.
You hit the big kobold.
The big kobold is almost dead.
The big kobold zaps a wand.
The bolt of acid hits you!
You die...

#### #....# #.......#####....
...# #.)..# #.......##.......
##.# #....# #.......##..#.... #.#
#....# ###.......#..##....
##.#####..#####............######
#..........#...............#
#............##........#####
#..........####)K).....#
#..........# #)@[.....#
#..........####)[).....#
#..........#...........##
#..........#.##.........# #####
#.............#.........# #....
...........#.....###...######....
.................>...............
....##..####...###.....######....
....##.....#....#.......## ##....


You could see a big kobold.

Vanquished Creatures
  A two-headed ogre (D:7)
  A hornet (D:7)
  Grinder (D:4)
  2 hippogriffs
  A hungry ghost (D:6)
  Duvessa (D:7)
  2 porcupines
  3 sky beasts
  An orc warrior (D:7)
  An ogre (D:6)
  2 black bears (D:7)
  3 wolves (D:7)
  A phantom (D:5)
  4 centaurs
  A crocodile (D:7)
  3 bullfrogs
  A gnoll sergeant (D:4)
  A scorpion (D:7)
  A water moccasin skeleton (D:6)
  Dowan (D:7)
  3 wights (D:6)
  5 crimson imps
  A quasit (D:6)
  3 hounds
  2 jellies
  2 orc wizards
  2 orc priests
  Crazy Yiuf (D:3)
  2 bullfrog skeletons (D:4)
  A centaur skeleton (D:8)
  An iguana (D:4)
  6 worker ants
  A killer bee zombie (D:7)
  A hound zombie (D:5)
  A hound skeleton (D:4)
  14 gnolls
  8 adders
  A shadow imp (D:5)
  An adder zombie (D:5)
  An adder skeleton (D:5)
  3 worms
  A dart slug (D:5)
  5 leopard geckos
  14 orcs
  A ball python (D:3)
  8 giant cockroaches
  6 goblins
  5 hobgoblins
  8 jackals (D:3)
  3 quokkas (D:7)
  6 bats
  2 frilled lizards
  8 kobolds
  A quokka zombie (D:5)
  8 rats
168 creatures vanquished.

Vanquished Creatures (others)
  An orc (D:7)
1 creature vanquished.

Grand Total: 169 creatures vanquished

Notes
Turn   | Place    | Note
-------+----------+-------------------------------------------
     0 | D:1      | Loudmushroom the Gargoyle Fighter began the quest for the
                  | Orb.
     0 | D:1      | Reached XP level 1. HP: 14/14 MP: 1/1
   259 | D:1      | Reached skill level 2 in Axes
   491 | D:1      | Reached XP level 2. HP: 19/19 MP: 2/2
   913 | D:2      | Reached XP level 3. HP: 20/23 MP: 3/3
  1515 | D:2      | Noticed a centaur
  1528 | D:2      | Killed a centaur
  1528 | D:2      | Reached skill level 3 in Axes
  1528 | D:2      | Reached XP level 4. HP: 28/29 MP: 4/4
  1759 | D:2      | Reached XP level 5. HP: 33/33 MP: 5/5
  1776 | D:2      | Found an iron altar of Okawaru.
  1793 | D:2      | Became a worshipper of Warmaster Okawaru
  1910 | D:2      | Found a faded altar of an unknown god.
  2709 | D:3      | Found a runed door.
  2917 | D:3      | Noticed Crazy Yiuf
  2921 | D:3      | Killed Crazy Yiuf
  3158 | D:4      | Reached XP level 6. HP: 38/38 MP: 6/6
  3169 | D:4      | Noticed Grinder
  3172 | D:4      | Paralysed by Grinder for 5 turns
  3185 | D:4      | Paralysed by Grinder for 7 turns
  3213 | D:4      | Paralysed by Grinder for 3 turns
  3217 | D:4      | Killed Grinder
  3217 | D:4      | Reached * piety under Okawaru
  3217 | D:4      | Reached skill level 4 in Axes
  3296 | D:4      | Reached XP level 7. HP: 33/44 MP: 7/7
  3881 | D:5      | Entered Level 5 of the Dungeon
  3977 | D:4      | Reached skill level 1 in Invocations
  3980 | D:4      | Reached skill level 5 in Shields
  4349 | D:5      | Reached skill level 5 in Armour
  4350 | D:5      | Found Owagoc's Gadget Boutique.
  4516 | D:4      | Reached skill level 5 in Fighting
  4534 | D:4      | Reached skill level 1 in Evocations
  4549 | D:4      | Reached skill level 5 in Axes
  4816 | D:5      | Reached ** piety under Okawaru
  4816 | D:5      | Reached XP level 8. HP: 49/49 MP: 9/9
  5353 | D:6      | Upgraded the game from 0.23-a0-402-g64599a1 to
                  | 0.23-a0-404-g0063841
  5608 | D:6      | Reached skill level 6 in Axes
  5626 | D:6      | Reached *** piety under Okawaru
  5626 | D:6      | Reached XP level 9. HP: 38/55 MP: 11/11
  6096 | D:6      | Found a staircase to the Ecumenical Temple.
  6271 | D:7      | Paralysed by fainting for 8 turns
  6721 | D:7      | Identified the +10 plate armour "Hura" {MP-9 Dex+8}
  6871 | D:7      | Noticed Duvessa
  6871 | D:7      | Noticed Dowan
  6881 | D:7      | Killed Dowan
  6884 | D:7      | Killed Duvessa
  7163 | D:7      | Reached skill level 7 in Axes
  7264 | D:7      | Reached **** piety under Okawaru
  7536 | D:7      | Reached XP level 10. HP: 33/61 MP: 4/13
  7924 | D:7      | Reached skill level 5 in Invocations
  7943 | D:8      | Noticed a two-headed ogre
  7966 | D:7      | Killed a two-headed ogre
  7966 | D:7      | Reached ***** piety under Okawaru
  7966 | D:7      | Received a gift from Okawaru
  7966 | D:7      | Reached skill level 8 in Axes
  7975 | D:7      | Killed from afar by a big kobold

Vault maps used:
D:1:      scummos_arrival_hexagon
D:2:      chequers_ecumenical_altar_lobes, okawaru_gym_becter
D:3:      first_ration, uniq_crazy_yiuf_cottage
D:4:      uniq_grinder
D:5:      serial_shops, shop
D:6:      minmay_temple_entry_fiery, hangedman_decor_peaks_small
D:7:      kennysheep_generic_room_8, uniq_duvessa
D:8:      minmay_lair_entry_grove, serial_shops, shop, grunt_ogre_cave,
          minmay_guarded_unrand_variability

Skill      XL: |  1  2  3  4  5  6  7  8  9 10 |
---------------+-------------------------------+-----
Axes           | 2 3 4 5 6 7 8 |  8.0
Shields        | 4 5 6 7 |  7.3
Fighting       | 4 5 6 7 |  7.3
Armour         | 4 5 6 7 |  7.4
Invocations    | 1 3 4 5 |  5.3
Evocations     | 1 2 3 4 |  4.3

Action                   |  1- 3 |  4- 6 |  7- 9 | 10-12 || total
-------------------------+-------+-------+-------+-------++-------
Melee: War axe           |    71 |   189 |   535 |   108 ||   903
Throw: Stone             |       |       |     6 |       ||     6
Invok: Heroism           |       |       |     1 |     1 ||     2
Evoke: Wand              |       |       |       |     1 ||     1
  Use: Scroll            |       |       |    13 |       ||    13
  Eat: Chunk             |     2 |     6 |    17 |     2 ||    27
       Ration            |       |       |     1 |       ||     1
Armor: Scale mail        |    28 |       |       |       ||    28
       Chain mail        |     9 |   146 |   337 |       ||   492
       Plate armour      |       |       |    98 |   102 ||   200
Dodge: Dodged            |    24 |    55 |   153 |    23 ||   255
Block: Shield            |    43 |   134 |   369 |    98 ||   644

Table legend:
 A = Non-vault XP
 B = Vault XP
 C = Vault XP percentage of total XP
 D = Non-vault monster count
 E = Vault monster count
 F = Vault count percentage of total count
                 A         B        C        D         E       F
            +---------+---------+-------+---------+---------+-------
      Total |    5460 |    1439 |  20.9 |     155 |      13 |   7.7
            +---------+---------+-------+---------+---------+-------
        D:1 |      18 |       0 |   0.0 |      11 |       0 |   0.0
        D:2 |     161 |       0 |   0.0 |      16 |       0 |   0.0
        D:3 |      86 |      39 |  31.2 |      27 |       1 |   3.6
        D:4 |     449 |     281 |  38.5 |      22 |       1 |   4.3
        D:5 |     538 |       0 |   0.0 |      16 |       0 |   0.0
        D:6 |    1467 |       0 |   0.0 |      28 |       0 |   0.0
        D:7 |    2658 |     970 |  26.7 |      31 |      10 |  24.4
        D:8 |      83 |     149 |  64.2 |       4 |       1 |  20.0
            +---------+---------+-------+---------+---------+-------
